| TOP OF THE 1ST |
|
Texas (APP) Rangers batting - Pitching for Boston (APP) Red Sox : RHP Nate Rizzi
|
|
Pitching: RHP Nate Rizzi
|
|
|
Batting: SHB Tim Rogers
|
0-0: Called Strike 0-1: Foul Ball, location: 2F 0-2: Foul Ball, location: 2F 0-2: Foul Ball, location: 2F 0-2: Foul Ball, location: 2F 0-2: Ball 1-2: Ball 2-2: Fly out, F8 (Line Drive, 8RM, EV 96.2 MPH)
|
|
Batting: RHB Robert Topete
|
0-0: Ball 1-0: Swinging Strike 1-1: Foul Ball, location: 2F 1-2: Strikes out swinging
|
|
Batting: RHB Jerry Foster
|
0-0: Ball 1-0: Ball 2-0: Ball 3-0: Base on Balls
|
|
Batting: LHB Alex Rivera
|
0-0: Ball Jerry Foster steals 2nd base 1-0: Ball 2-0: Foul Ball, location: 2F 2-1: Ball 3-1: Foul Ball, location: 2F 3-2: Strikes out looking
|
| Top of the 1st over - 0 runs, 0 hits, 0 errors, 1 left on base; Texas (APP) 0 - Boston (APP) 0 |
| BOTTOM OF THE 1ST |
|
Boston (APP) Red Sox batting - Pitching for Texas (APP) Rangers : RHP Rick Madden
|
|
Pitching: RHP Rick Madden
|
|
|
Batting: RHB Kirk Cully
|
0-0: Ball 1-0: Foul Ball, location: 2F 1-1: Ball 2-1: Foul Ball, location: 2F 2-2: Strikes out looking
|
|
Batting: RHB Bob Reichley
|
0-0: Called Strike 0-1: Ground out 4-3 (Groundball, 4MD, EV 84.4 MPH)
|
|
Batting: SHB Matsudaira Ikeda
|
0-0: Ground out 1-3 (Groundball, P, EV 65.6 MPH)
|
| Bottom of the 1st over - 0 runs, 0 hits, 0 errors, 0 left on base; Texas (APP) 0 - Boston (APP) 0 |
| TOP OF THE 2ND |
|
Texas (APP) Rangers batting - Pitching for Boston (APP) Red Sox : RHP Nate Rizzi
|
|
Batting: RHB Ryan Salas
|
0-0: Called Strike 0-1: Ball 1-1: Ball 2-1: Foul Ball, location: 2F 2-2: Fly out, F8 (Flyball, 8RM, EV 90.0 MPH)
|
|
Batting: RHB Evan Fry
|
0-0: Called Strike 0-1: Foul Ball, location: 2F 0-2: Ball 1-2: SINGLE (Line Drive, 4D, EV 99.4 MPH)
|
|
Batting: RHB Torsten Fisher
|
0-0: Ball 1-0: Called Strike 1-1: Fielders Choice at 2nd, 5-4 (Groundball, 56S, EV 81.9 MPH)
|
|
Batting: SHB Tyler Romo
|
0-0: Ball Torsten Fisher is caught stealing 2nd base 2-6
|
| Top of the 2nd over - 0 runs, 1 hit, 0 errors, 0 left on base; Texas (APP) 0 - Boston (APP) 0 |
| BOTTOM OF THE 2ND |
|
Boston (APP) Red Sox batting - Pitching for Texas (APP) Rangers : RHP Rick Madden
|
|
Batting: RHB Felix Rangel
|
0-0: Called Strike 0-1: SINGLE (Flyball, 89S, EV 95.0 MPH)
|
|
Batting: RHB Eric Kent
|
0-0: Ball Passed Ball! Felix Rangel to second 1-0: Ground out 1-3 (Groundball, P, EV 67.5 MPH) Felix Rangel to third
|
|
Batting: SHB Arihito Hiramoto
|
0-0: Hit by Pitch
|
|
Batting: RHB Wayne Whimster
|
0-0: Ball 1-0: Called Strike 1-1: Called Strike 1-2: Ball 2-2: Fielders Choice at 2nd, 5-4 (Groundball, 5, EV 100.0 MPH) Felix Rangel scores
|
|
Batting: RHB Estevan Carrillo
|
0-0: Ball 1-0: Foul Ball, location: 2F 1-1: Called Strike 1-2: Foul Ball, location: 2F 1-2: Strikes out swinging
|
| Bottom of the 2nd over - 1 run, 1 hit, 0 errors, 1 left on base; Texas (APP) 0 - Boston (APP) 1 |
| TOP OF THE 3RD |
|
Texas (APP) Rangers batting - Pitching for Boston (APP) Red Sox : RHP Nate Rizzi
|
|
Batting: SHB Tyler Romo
|
0-0: Ball 1-0: Swinging Strike 1-1: Called Strike 1-2: Strikes out swinging
|
|
Batting: RHB Pat Martin
|
0-0: Swinging Strike 0-1: Fly out, F9 (Line Drive, 9S, EV 90.0 MPH)
|
|
Batting: SHB Tim Rogers
|
0-0: Ball 1-0: Ball 2-0: Called Strike 2-1: Ground out 6-3 (Groundball, P, EV 91.2 MPH)
|
| Top of the 3rd over - 0 runs, 0 hits, 0 errors, 0 left on base; Texas (APP) 0 - Boston (APP) 1 |
| BOTTOM OF THE 3RD |
|
Boston (APP) Red Sox batting - Pitching for Texas (APP) Rangers : RHP Rick Madden
|
|
Batting: SHB Jose Santiago
|
0-0: Called Strike 0-1: Ball 1-1: Ball 2-1: SINGLE (Groundball, 4MD, EV 96.9 MPH)
|
|
Batting: RHB Kirk Cully
|
0-0: Foul Ball, location: 2F 0-1: DOUBLE (Line Drive, 7LD, EV 105.0 MPH) Jose Santiago to third
|
|
Batting: RHB Bob Reichley
|
0-0: Ball 1-0: Ground out U3 (Groundball, 3S, EV 86.9 MPH)
|
|
Batting: SHB Matsudaira Ikeda
|
0-0: Ground out U3 (Groundball, 3L, EV 98.8 MPH)
|
|
Batting: RHB Felix Rangel
|
0-0: Ball 1-0: Called Strike 1-1: Foul Ball, location: 2F 1-2: Ball 2-2: Strikes out swinging
|
| Bottom of the 3rd over - 0 runs, 2 hits, 0 errors, 2 left on base; Texas (APP) 0 - Boston (APP) 1 |
| TOP OF THE 4TH |
|
Texas (APP) Rangers batting - Pitching for Boston (APP) Red Sox : RHP Nate Rizzi
|
|
Batting: RHB Robert Topete
|
0-0: Ball 1-0: Foul Ball, location: 2F 1-1: Ball 2-1: Foul Ball, location: 2F 2-2: Ball 3-2: Base on Balls
|
|
Batting: RHB Jerry Foster
|
0-0: Ball Robert Topete steals 2nd base 1-0: Ball 2-0: Foul Ball, location: 2F 2-1: Foul Ball, location: 2F 2-2: Ball 3-2: Strikes out looking
|
|
Batting: LHB Alex Rivera
|
0-0: Ball 1-0: DOUBLE (Line Drive, 9LM, EV 100.0 MPH) Robert Topete scores
|
|
Batting: RHB Ryan Salas
|
0-0: Ball 1-0: Ball Wild Pitch! Alex Rivera to third 2-0: Foul Ball, location: 2F 2-1: Ball 3-1: SINGLE (Line Drive, 56, EV 95.0 MPH) Alex Rivera scores
|
|
Batting: RHB Evan Fry
|
0-0: Fly out, F9 (Flyball, 9S, EV 88.8 MPH)
|
|
Batting: RHB Torsten Fisher
|
0-0: Swinging Strike 0-1: Foul Ball, location: 2F 0-2: Ball 1-2: Strikes out swinging
|
| Top of the 4th over - 2 runs, 2 hits, 0 errors, 1 left on base; Texas (APP) 2 - Boston (APP) 1 |
| BOTTOM OF THE 4TH |
|
Boston (APP) Red Sox batting - Pitching for Texas (APP) Rangers : RHP Rick Madden
|
|
Batting: RHB Eric Kent
|
0-0: Called Strike 0-1: Ball 1-1: Foul Ball, location: 2F 1-2: Ball 2-2: Strikes out swinging
|
|
Batting: SHB Arihito Hiramoto
|
0-0: Ball 1-0: Foul Ball, location: 2F 1-1: Ground out U3 (Groundball, 34, EV 83.1 MPH)
|
|
Batting: RHB Wayne Whimster
|
0-0: Fly out, F7 (Flyball, 7S, EV 88.1 MPH)
|
| Bottom of the 4th over - 0 runs, 0 hits, 0 errors, 0 left on base; Texas (APP) 2 - Boston (APP) 1 |
| TOP OF THE 5TH |
|
Texas (APP) Rangers batting - Pitching for Boston (APP) Red Sox : RHP Nate Rizzi
|
|
Batting: SHB Tyler Romo
|
0-0: Swinging Strike 0-1: Swinging Strike 0-2: Ball 1-2: Strikes out swinging
|
|
Batting: RHB Pat Martin
|
0-0: Ball 1-0: Foul Ball, location: 2F 1-1: Ball 2-1: Ground out U3 (Groundball, 34, EV 88.8 MPH)
|
|
Batting: SHB Tim Rogers
|
0-0: SINGLE (Line Drive, 3D, EV 97.5 MPH)
|
|
Batting: RHB Robert Topete
|
0-0: Called Strike Tim Rogers steals 2nd base 0-1: Swinging Strike 0-2: Strikes out swinging
|
| Top of the 5th over - 0 runs, 1 hit, 0 errors, 1 left on base; Texas (APP) 2 - Boston (APP) 1 |
| BOTTOM OF THE 5TH |
|
Boston (APP) Red Sox batting - Pitching for Texas (APP) Rangers : RHP Rick Madden
|
|
Batting: RHB Estevan Carrillo
|
0-0: Called Strike 0-1: Ball 1-1: Ground out U3 (Groundball, 3, EV 98.8 MPH)
|
|
Batting: SHB Jose Santiago
|
0-0: Foul Ball, location: 2F 0-1: Ball 1-1: Ball 2-1: Foul Ball, location: 2F 2-2: Foul Ball, location: 2F 2-2: Ball 3-2: Fly out, F9 (Flyball, 9, EV 78.8 MPH)
|
|
Batting: RHB Kirk Cully
|
0-0: Foul Ball, location: 2F 0-1: Called Strike 0-2: Strikes out swinging
|
| Bottom of the 5th over - 0 runs, 0 hits, 0 errors, 0 left on base; Texas (APP) 2 - Boston (APP) 1 |
| TOP OF THE 6TH |
|
Texas (APP) Rangers batting - Pitching for Boston (APP) Red Sox : RHP Nate Rizzi
|
|
Pitching: RHP Du Kong
|
|
|
Batting: RHB Jerry Foster
|
0-0: Ground out 5-3 (Groundball, 56S, EV 87.5 MPH)
|
|
Batting: LHB Alex Rivera
|
0-0: Ball 1-0: Ball 2-0: Foul Ball, location: 2F 2-1: Ball 3-1: Foul Ball, location: 2F 3-2: Base on Balls
|
|
Batting: RHB Ryan Salas
|
0-0: Ball 1-0: Ball 2-0: Ball 3-0: Called Strike 3-1: Grounds into double play, 3-6-1 (Groundball, 3S, EV 80.6 MPH)
|
| Top of the 6th over - 0 runs, 0 hits, 0 errors, 0 left on base; Texas (APP) 2 - Boston (APP) 1 |
| BOTTOM OF THE 6TH |
|
Boston (APP) Red Sox batting - Pitching for Texas (APP) Rangers : RHP Rick Madden
|
|
Batting: RHB Bob Reichley
|
0-0: Ball 1-0: Ball 2-0: SINGLE (Groundball, 4D, EV 95.6 MPH)
|
|
Batting: SHB Matsudaira Ikeda
|
0-0: Ball 1-0: Swinging Strike 1-1: Swinging Strike 1-2: Fielders Choice at 2nd, 1-6 (Groundball, 13S, EV 72.5 MPH)
|
|
Batting: RHB Felix Rangel
|
0-0: Called Strike 0-1: Ball 1-1: Ball 2-1: SINGLE (Groundball, 6M, EV 97.5 MPH) (infield hit) Matsudaira Ikeda to second
|
|
Batting: RHB Eric Kent
|
0-0: Ball 1-0: Called Strike 1-1: Foul Ball, location: 2F 1-2: Foul Ball, location: 2F 1-2: Fly out, F7 (Flyball, 7, EV 80.6 MPH)
|
|
Batting: SHB Arihito Hiramoto
|
0-0: Ball 1-0: Foul Ball, location: 2F 1-1: Swinging Strike 1-2: Ball 2-2: Ground out 4-3 (Groundball, 4, EV 101.2 MPH)
|
| Bottom of the 6th over - 0 runs, 2 hits, 0 errors, 2 left on base; Texas (APP) 2 - Boston (APP) 1 |
| TOP OF THE 7TH |
|
Texas (APP) Rangers batting - Pitching for Boston (APP) Red Sox : RHP Du Kong
|
|
Batting: RHB Evan Fry
|
0-0: Called Strike 0-1: Ball 1-1: Ball 2-1: Foul Ball, location: 2F 2-2: Strikes out swinging
|
|
Batting: RHB Torsten Fisher
|
0-0: Ball 1-0: Ball 2-0: Called Strike 2-1: Ground out 6-3 (Groundball, 6, EV 106.9 MPH)
|
|
Batting: SHB Tyler Romo
|
0-0: Ball 1-0: Ball 2-0: Called Strike 2-1: Foul Ball, location: 2F 2-2: Strikes out swinging
|
| Top of the 7th over - 0 runs, 0 hits, 0 errors, 0 left on base; Texas (APP) 2 - Boston (APP) 1 |
| BOTTOM OF THE 7TH |
|
Boston (APP) Red Sox batting - Pitching for Texas (APP) Rangers : RHP Rick Madden
|
|
Pitching: RHP Tamirat Abboud
|
|
|
Batting: RHB Wayne Whimster
|
0-0: Called Strike 0-1: Ground out 6-3 (Groundball, 6MS, EV 88.1 MPH)
|
|
Batting: RHB Estevan Carrillo
|
0-0: Ball 1-0: Foul Ball, location: 2F 1-1: Ball 2-1: Fly out, F7 (Flyball, 78M, EV 81.9 MPH)
|
|
Batting: SHB Jose Santiago
|
0-0: Ball 1-0: DOUBLE (Line Drive, 78D, EV 102.5 MPH)
|
|
Batting: RHB Kirk Cully
|
0-0: Ball 1-0: Foul Ball, location: 2F 1-1: Ball 2-1: Ball 3-1: Swinging Strike 3-2: Strikes out swinging
|
| Bottom of the 7th over - 0 runs, 1 hit, 0 errors, 1 left on base; Texas (APP) 2 - Boston (APP) 1 |
| TOP OF THE 8TH |
|
Texas (APP) Rangers batting - Pitching for Boston (APP) Red Sox : RHP Du Kong
|
|
Pinch Hitting: LHB Bobby Scott
|
0-0: Ball 1-0: Ball 2-0: Ball 3-0: Called Strike 3-1: Foul Ball, location: 2F 3-2: Strikes out swinging
|
|
Batting: SHB Tim Rogers
|
0-0: Fly out, F8 (Flyball, 89M, EV 82.5 MPH)
|
|
Batting: RHB Robert Topete
|
0-0: Fly out, F7 (Flyball, 7, EV 76.2 MPH)
|
| Top of the 8th over - 0 runs, 0 hits, 0 errors, 0 left on base; Texas (APP) 2 - Boston (APP) 1 |
| BOTTOM OF THE 8TH |
|
Boston (APP) Red Sox batting - Pitching for Texas (APP) Rangers : RHP Tamirat Abboud
|
|
Now at 3B: Josh Shoemaker
|
|
|
Batting: RHB Bob Reichley
|
0-0: Ball 1-0: Ball 2-0: Ball 3-0: Called Strike 3-1: Foul Ball, location: 2F 3-2: Fly out, F7 (Flyball, 78M, EV 87.5 MPH)
|
|
Batting: SHB Matsudaira Ikeda
|
0-0: Ball 1-0: Ball 2-0: Foul Ball, location: 2F 2-1: Ball 3-1: Fly out, F7 (Flyball, 7LM, EV 88.8 MPH)
|
|
Batting: RHB Felix Rangel
|
0-0: Called Strike 0-1: Swinging Strike 0-2: Ball 1-2: Foul Ball, location: 2F 1-2: Ball 2-2: Foul Ball, location: 2F 2-2: Strikes out swinging
|
| Bottom of the 8th over - 0 runs, 0 hits, 0 errors, 0 left on base; Texas (APP) 2 - Boston (APP) 1 |
| TOP OF THE 9TH |
|
Texas (APP) Rangers batting - Pitching for Boston (APP) Red Sox : RHP Du Kong
|
|
Batting: RHB Jerry Foster
|
0-0: Ball 1-0: Called Strike 1-1: Ball 2-1: Ball 3-1: Foul Ball, location: 2F 3-2: Foul Ball, location: 2F 3-2: Ground out 5-3 (Groundball, 56S, EV 63.8 MPH)
|
|
Batting: LHB Alex Rivera
|
0-0: Ball 1-0: Ball 2-0: Ball 3-0: Called Strike 3-1: Base on Balls
|
|
Batting: RHB Ryan Salas
|
0-0: Ball Wild Pitch! Alex Rivera to second 1-0: Ball 2-0: Called Strike 2-1: Ground out U3 (Groundball, 34, EV 106.2 MPH) Alex Rivera to third
|
|
Batting: RHB Evan Fry
|
0-0: Called Strike 0-1: Ball 1-1: Ball 2-1: Foul Ball, location: 2F 2-2: Ball 3-2: Base on Balls
|
|
Pitching: RHP Cedric Tyler
|
|
|
Batting: RHB Torsten Fisher
|
0-0: Ball 1-0: Fielders Choice at 2nd, 6-4 (Groundball, 56, EV 83.1 MPH)
|
| Top of the 9th over - 0 runs, 0 hits, 0 errors, 2 left on base; Texas (APP) 2 - Boston (APP) 1 |
| BOTTOM OF THE 9TH |
|
Boston (APP) Red Sox batting - Pitching for Texas (APP) Rangers : RHP Tamirat Abboud
|
|
Pitching: RHP Tim Bemish
|
|
|
Batting: RHB Eric Kent
|
0-0: Ball 1-0: Fly out, F8 (Flyball, 89M, EV 95.0 MPH)
|
|
Batting: SHB Arihito Hiramoto
|
0-0: Called Strike 0-1: Foul Ball, location: 2F 0-2: Hit by Pitch
|
|
Pinch Hitting: RHB Vladmiri Nugaibekov
|
0-0: Ball 1-0: Foul Ball, location: 2F 1-1: Grounds into double play, 6-4-3 (Groundball, 56, EV 87.5 MPH)
|
| Bottom of the 9th over - 0 runs, 0 hits, 0 errors, 0 left on base; Texas (APP) 2 - Boston (APP) 1 |
|